 Dungeon Crawl Stone Soup version 0.29.0-4-gdea44cf6ec (webtiles) character file.

Game seed: 4751448518150467704

11193 qw the Brawler (level 11, -11/105 HPs)
             Began as a Troll Cinder Acolyte on Sept 1, 2022.
             Was an Initiate of Ignis.
             Shot with a bolt by an orc knight (14 damage)
             ... on level 13 of the Dungeon.
             The game lasted 00:05:24 (8808 turns).

qw the Brawler (Troll Cinder Acolyte)               Turns: 8808, Time: 00:05:25

Health: -11/105    AC: 19    Str: 28    XL:     11   Next: 46%
Magic:  11/11      EV:  9    Int: 10    God:    Ignis [......]
Gold:   195        SH:  0    Dex:  5    Spells: 12/12 levels left

rFire   + . .      SeeInvis .     - Unarmed
rCold   . . .      Faith    .   (no shield)
rNeg    . . .      Spirit   .   q - +1 steam dragon scales
rPois   +          Reflect  .   (helmet restricted)
rElec   .          Harm     .   (no cloak)
rCorr   .          Rampage  .   (gloves unavailable)
Will    .....                   (boots unavailable)
Stlth   +.........              (no amulet)
HPRegen 1.07/turn               h - +4 ring of protection
MPRegen 0.12/turn               j - ring of poison resistance

@: fiery-armoured
A: large, unfitting armour, claws 3, regeneration 1, shaggy fur 1, tough skin 1
a: Renounce Religion, Rising Flame


You were on level 13 of the Dungeon.
You worshipped Ignis.
Ignis was noncommittal.
You visited 1 branch of the dungeon, and saw 12 of its levels.

You collected 762 gold pieces.
You spent 567 gold pieces at shops.


Innate Abilities, Weirdness & Mutations

You are too large for most types of armour.
You have claws for hands.
Your natural rate of healing is unusually fast.
You are covered in fur. (AC +1)
You have tough skin. (AC +1)


   Skills:
 - Level 6.0 Fighting
 - Level 3.2 Throwing
 - Level 2.2 Armour
 - Level 3.1 Dodging
 + Level 15.8 Unarmed Combat
 - Level 1.0 Spellcasting
 - Level 2.1 Fire Magic


You had 12 spell levels left.
You didn't know any spells.
Your spell library contained the following spells:

 Spells                   Type           Power      Damage    Failure   Level
 Scorch                   Fire           8%         2d5       22%         2

Inventory:

Armour
 q - +1 steam dragon scales (worn)
Jewellery
 g - a ring of fire
 h - a +4 ring of protection (left claw)
 j - a ring of poison resistance (right claw)
 n - a +6 ring of strength
Scrolls
 e - a scroll of identify
 i - a scroll of enchant weapon
Potions
 b - 3 potions of might
 c - 6 potions of curing
 f - 2 potions of haste
 k - a potion of mutation
 l - a potion of resistance
 p - a potion of lignification {unknown}

Dungeon Overview and Level Annotations

Branches:
Dungeon (11/15)            Temple (0/1) D:6             Orc (0/2) D:9
   Lair: D:8-11

Altars:
Hepliaklqana
Okawaru
Vehumet
Xom
Yredelemnul
The Shining One

Shops:
D:2 (   D:7 (   D:8 [   D:9 [   D:10 =

Annotations:
D:6 3 runed translucent doors, qw's ghost, novice TrCA


Message History

You feel much better.
The orc knight shoots a bolt.
The bolt barely misses you.
The yaktaur shoots a bolt.
The bolt closely misses you.
The orc knight shoots a bolt.
The bolt hits you.
The orc knight shoots a bolt.
The bolt hits you but does no damage.
The yaktaur shoots a bolt.
The bolt hits you!!
8795 ||| DRINKING 6 potions of heal wounds.
You feel much better.
The orc knight shoots a bolt.
The bolt hits you!
8796 ||| DRINKING 5 potions of heal wounds.
You feel much better.
The yaktaur shoots a bolt.
The bolt hits you!
The orc knight shoots a bolt.
The bolt hits you!!
The yaktaur shoots a bolt.
The bolt hits you!
8798 ||| DRINKING 4 potions of heal wounds.
You feel much better.
The yaktaur shoots a bolt.
The bolt hits you!
The orc knight shoots a bolt.
The bolt hits you!
The yaktaur shoots a bolt.
The bolt barely misses you.
8800 ||| DRINKING 3 potions of heal wounds.
You feel much better.
The orc knight shoots a bolt.
The bolt hits you but does no damage.
The yaktaur shoots a bolt.
The bolt hits you.
The orc knight shoots a bolt.
The bolt hits you.
The yaktaur shoots a bolt.
The bolt barely misses you.
The orc knight shoots a bolt.
The bolt hits you!!
The yaktaur shoots a bolt.
The bolt closely misses you.
8803 ||| DRINKING 2 potions of heal wounds.
You feel much better.
The orc knight shoots a bolt.
The bolt hits you.
The yaktaur shoots a bolt.
The bolt barely misses you.
The orc knight shoots a bolt.
The bolt hits you!!
The yaktaur shoots a bolt.
The bolt hits you!
8805 ||| DRINKING potion of heal wounds.
You feel much better.
The orc knight shoots a bolt.
The bolt hits you!
The yaktaur shoots a bolt.
The bolt misses you.
The yaktaur shoots a bolt.
The bolt hits you!
The orc knight shoots a bolt.
The bolt hits you!
You die...

..( ##.............#.
....#................
.....................
.....................
.....................
.........#...........
........###..........
.........#...........
.........!@..........
.....................
~~~~.....~~~~.....#..
~~~~...~~~~~~...## .
~~...~~~~~~~.##
~~...~~~~~~~.#
##+++###oc#### ...


You could see an orc knight and a yaktaur.

Vanquished Creatures
  Erolcha (D:9)
  4 elephants (D:10)
  2 unseen horror zombies (D:9)
  A troll (D:10)
  Sigmund (D:6)
  A shadow (D:10)
  2 wyverns
  23 yaks
  A steam dragon (D:7)
  3 water moccasins
  A sky beast (D:7)
  6 orc warriors
  2 black bears
  An ogre (D:8)
  2 centaurs
  A phantom (D:5)
  A kobold brigand (D:10)
  4 bullfrogs
  3 scorpions (D:5)
  A necrophage (D:7)
  2 gnoll sergeants
  9 wights
  3 killer bees (D:9)
  8 howler monkeys
  4 crimson imps (D:6)
  3 centaur zombies (D:9)
  5 jellies
  A gnoll bouda (D:8)
  6 orc priests
  A hound (D:7)
  2 iguanas (D:5)
  Natasha (thrice) (D:3)
  8 orc wizards
  A killer bee zombie (D:9)
  3 howler monkey zombies (D:9)
  14 gnolls
  10 adders
  2 white imps (D:7)
  An ufetubus (D:6)
  2 dart slugs
  28 orcs
  7 endoplasms
  6 giant cockroaches
  7 goblins
  11 hobgoblins
  4 jackals (D:2)
  4 quokkas
  5 ball pythons
  4 bats
  5 frilled lizards
  9 kobolds
  4 rats
243 creatures vanquished.

Vanquished Creatures (others)
  25 plants (D:10)
25 creatures vanquished.

Grand Total: 268 creatures vanquished

Notes
Turn   | Place    | Note
-------+----------+-------------------------------------------
     0 | D:1      | qw the Troll Cinder Acolyte began the quest for the Orb.
     0 | D:1      | Reached XP level 1. HP: 22/22 MP: 1/1
     0 | D:1      | 0 ||| qw: Version: 0.1-a-97-g2dd2ca4
     0 | D:1      | 0 ||| qw: Game counter: 4700
     0 | D:1      | 0 ||| qw: Always use a shield: true
     0 | D:1      | 0 ||| qw: God list: Okawaru
     0 | D:1      | 0 ||| qw: Allow faded altars: false
     0 | D:1      | 0 ||| qw: Do Orc after D:15 true
     0 | D:1      | 0 ||| qw: Do second Lair branch before Depths: true
     0 | D:1      | 0 ||| qw: Lair rune preference: random
     0 | D:1      | 0 ||| qw: Plans: Normal
     0 | D:1      | 0 ||| PLANNING D:1-11
    47 | D:1      | 47 ||| Stepping ~*~*~tactically~*~*~ (stealth).
    51 | D:1      | 51 ||| Stepping ~*~*~tactically~*~*~ (stealth).
    53 | D:1      | 53 ||| Stepping ~*~*~tactically~*~*~ (stealth).
   113 | D:1      | 113 ||| Stepping ~*~*~tactically~*~*~ (stealth).
   114 | D:1      | 114 ||| Stepping ~*~*~tactically~*~*~ (stealth).
   122 | D:1      | Reached XP level 2. HP: 29/29 MP: 2/2
   232 | D:1      | 232 ||| Stepping ~*~*~tactically~*~*~ (outnumbered).
   285 | D:1      | 285 ||| Stepping ~*~*~tactically~*~*~ (outnumbered).
   286 | D:1      | 286 ||| Stepping ~*~*~tactically~*~*~ (outnumbered).
   292 | D:1      | Reached skill level 4 in Unarmed Combat
   307 | D:1      | 307 ||| Stepping ~*~*~tactically~*~*~ (hiding).
   404 | D:1      | 404 ||| Stepping ~*~*~tactically~*~*~ (stealth).
   408 | D:1      | Reached XP level 3. HP: 36/36 MP: 3/3
   644 | D:1      | Found a faded altar of an unknown god.
   713 | D:1      | 713 ||| READING 2 scrolls labelled DIKUCA JEEBOM.
   714 | D:1      | 714 ||| READING scroll labelled CYDOMU REGRI.
   715 | D:1      | 715 ||| DRINKING 2 lumpy amethyst potions.
   860 | D:2      | 860 ||| Stepping ~*~*~tactically~*~*~ (stealth).
   995 | D:2      | Reached XP level 4. HP: 44/44 MP: 4/4
  1016 | D:2      | Found Piutayhoe's Antique Weapon Shoppe.
  1092 | D:2      | Reached skill level 5 in Unarmed Combat
  1362 | D:2      | 1362 ||| UPGRADING to ring of willpower.
  1363 | D:2      | 1363 ||| UPGRADING to ring of poison resistance.
  1364 | D:2      | 1364 ||| READING scroll labelled UZXOOBB VUMY.
  1365 | D:2      | 1365 ||| READING scroll labelled WOATIE LIRHIKHLI.
  1366 | D:2      | 1366 ||| READING scroll labelled GODAUMNIYW.
  1404 | D:3      | Noticed Natasha
  1405 | D:3      | 1405 ||| FLEEEEING.
  1407 | D:3      | 1407 ||| Stepping ~*~*~tactically~*~*~ (hiding).
  1416 | D:3      | 1416 ||| INVOKING Fiery Armour.
  1418 | D:3      | Killed Natasha
  1454 | D:3      | Noticed Natasha
  1455 | D:3      | 1455 ||| Stepping ~*~*~tactically~*~*~ (hiding).
  1456 | D:3      | 1456 ||| Stepping ~*~*~tactically~*~*~ (hiding).
  1458 | D:3      | 1458 ||| Stepping ~*~*~tactically~*~*~ (hiding).
  1459 | D:3      | 1459 ||| Stepping ~*~*~tactically~*~*~ (hiding).
  1464 | D:3      | Killed Natasha
  1488 | D:3      | 1488 ||| Stepping ~*~*~tactically~*~*~ (stealth).
  1529 | D:3      | Reached XP level 5. HP: 50/50 MP: 5/5
  1742 | D:3      | Noticed Natasha
  1743 | D:3      | 1743 ||| Stepping ~*~*~tactically~*~*~ (hiding).
  1745 | D:3      | 1745 ||| Stepping ~*~*~tactically~*~*~ (hiding).
  1756 | D:3      | Killed Natasha
  1757 | D:3      | Reached skill level 6 in Unarmed Combat
  2381 | D:3      | Found a hazy altar of Hepliaklqana.
  2498 | D:3      | 2498 ||| READING scroll labelled JETOISYDULYGH.
  2695 | D:4      | Noticed a black bear
  2696 | D:4      | 2696 ||| Stepping ~*~*~tactically~*~*~ (stealth).
  2699 | D:4      | 2699 ||| Stepping ~*~*~tactically~*~*~ (stealth).
  2712 | D:4      | 2712 ||| INVOKING Fiery Armour.
  2712 | D:4      | HP: 9/50 [black bear (8)]
  2714 | D:4      | Killed a black bear
  2715 | D:4      | Reached skill level 7 in Unarmed Combat
  2715 | D:4      | Reached XP level 6. HP: 8/59 MP: 6/6
  3210 | D:4      | 3210 ||| READING scroll labelled NIETZE HYXUBRITT.
  3311 | D:4      | 3311 ||| DRINKING 2 sedimented orange potions.
  3312 | D:4      | 3312 ||| DRINKING 2 bubbling yellow potions.
  3313 | D:4      | 3313 ||| READING 2 scrolls of identify.
  3313 | D:4      | 3313 ||| IDENTIFYING black potion
  3350 | D:5      | Entered Level 5 of the Dungeon
  3409 | D:5      | 3409 ||| Stepping ~*~*~tactically~*~*~ (hiding).
  3410 | D:5      | 3410 ||| Stepping ~*~*~tactically~*~*~ (hiding).
  3414 | D:5      | 3414 ||| INVOKING Fiery Armour.
  3419 | D:5      | 3419 ||| Stepping ~*~*~tactically~*~*~ (outnumbered).
  3421 | D:5      | 3421 ||| Stepping ~*~*~tactically~*~*~ (outnumbered).
  3442 | D:5      | Reached skill level 8 in Unarmed Combat
  3442 | D:5      | Reached XP level 7. HP: 66/66 MP: 7/7
  3468 | D:5      | Reached skill level 3 in Fighting
  3588 | D:5      | Reached skill level 9 in Unarmed Combat
  3632 | D:5      | Reached skill level 1 in Dodging
  3734 | D:5      | Reached XP level 8. HP: 69/75 MP: 8/8
  3819 | D:5      | 3819 ||| UPGRADING to +6 ring of dexterity.
  3821 | D:5      | 3821 ||| READING scroll labelled XEDUSINO LEMIX.
  3822 | D:5      | 3822 ||| READING 3 scrolls of identify.
  3822 | D:5      | 3822 ||| IDENTIFYING fuming emerald potion
  3823 | D:5      | 3823 ||| READING 2 scrolls of identify.
  3823 | D:5      | 3823 ||| IDENTIFYING fuming puce potion
  3824 | D:5      | 3824 ||| DROPPING potion of attraction.
  3880 | D:5      | 3880 ||| Stepping randomly (stuck).
  4012 | D:6      | Noticed Sigmund
  4017 | D:6      | 4017 ||| DRINKING 7 potions of curing.
  4017 | D:6      | 4017 ||| (to cure confusion)
  4019 | D:6      | Killed Sigmund
  4076 | D:6      | Found a runed translucent gate.
  4076 | D:6      | Found a runed translucent gate.
  4076 | D:6      | Found a runed translucent gate.
  4076 | D:6      | Noticed qw's ghost (novice TrCA)
  4086 | D:6      | Reached skill level 10 in Unarmed Combat
  4134 | D:6      | Found a staircase to the Ecumenical Temple.
  4250 | D:6      | Found a shimmering altar of Xom.
  4256 | D:6      | 4256 ||| Stepping ~*~*~tactically~*~*~ (hiding).
  4262 | D:6      | 4262 ||| Stepping ~*~*~tactically~*~*~ (hiding).
  4271 | D:6      | 4271 ||| Stepping ~*~*~tactically~*~*~ (hiding).
  4276 | D:6      | 4276 ||| Stepping ~*~*~tactically~*~*~ (hiding).
  4512 | D:6      | 4512 ||| READING scroll labelled PUITZA CEM KUTZ.
  4513 | D:6      | 4513 ||| READING scroll labelled QOUKUI DIGISA.
  4514 | D:6      | 4514 ||| READING scroll labelled XUQAGI YJINO.
  4534 | D:7      | 4534 ||| FLEEEEING.
  4867 | D:7      | 4867 ||| Stepping ~*~*~tactically~*~*~ (hiding).
  4868 | D:7      | 4868 ||| Stepping ~*~*~tactically~*~*~ (hiding).
  4870 | D:7      | 4870 ||| Stepping ~*~*~tactically~*~*~ (hiding).
  4919 | D:7      | Reached skill level 11 in Unarmed Combat
  4926 | D:7      | Found Fiykeuru's Weapon Boutique.
  5030 | D:7      | Reached XP level 9. HP: 84/84 MP: 9/9
  5268 | D:7      | 5268 ||| UPGRADING to +0 steam dragon scales.
  5278 | D:7      | 5278 ||| DROPPING +0 robe.
  5279 | D:7      | 5279 ||| READING scroll labelled ZORCHE LEOCH.
  5280 | D:7      | 5280 ||| READING 2 scrolls of identify.
  5280 | D:7      | 5280 ||| IDENTIFYING fizzy blue potion
  5341 | D:8      | Found Zucuedoa's Antique Armour Boutique.
  5343 | D:8      | 5343 ||| INVOKING Fiery Armour.
  5357 | D:8      | Reached skill level 1 in Armour
  5387 | D:8      | 5387 ||| BUYING glowing robe (99 gold).
  5387 | D:8      | Bought a glowing robe for 99 gold pieces
  5387 | D:8      | 5387 ||| SHOPLISTING shiny pearl dragon scales (2756 gold,
                  | have 370).
  5512 | D:8      | 5512 ||| INVOKING Fiery Armour.
  5585 | D:8      | Found a glowing golden altar of the Shining One.
  5807 | D:8      | 5807 ||| FLEEEEING.
  5986 | D:8      | Reached skill level 12 in Unarmed Combat
  5990 | D:8      | 5990 ||| Stepping ~*~*~tactically~*~*~ (hiding).
  5991 | D:8      | 5991 ||| Stepping ~*~*~tactically~*~*~ (hiding).
  6002 | D:8      | 6002 ||| INVOKING Fiery Armour.
  6024 | D:8      | 6024 ||| Stepping ~*~*~tactically~*~*~ (stealth).
  6169 | D:8      | 6169 ||| Stepping ~*~*~tactically~*~*~ (stealth).
  6178 | D:8      | 6178 ||| Stepping ~*~*~tactically~*~*~ (stealth).
  6179 | D:8      | 6179 ||| Stepping ~*~*~tactically~*~*~ (stealth).
  6268 | D:8      | Reached skill level 13 in Unarmed Combat
  6306 | D:8      | 6306 ||| Stepping ~*~*~tactically~*~*~ (stealth).
  6310 | D:8      | 6310 ||| Stepping ~*~*~tactically~*~*~ (stealth).
  6341 | D:8      | Reached XP level 10. HP: 96/96 MP: 10/10
  6343 | D:8      | 6343 ||| Stepping ~*~*~tactically~*~*~ (outnumbered).
  6344 | D:8      | 6344 ||| Stepping ~*~*~tactically~*~*~ (outnumbered).
  6383 | D:8      | 6383 ||| Stepping ~*~*~tactically~*~*~ (stealth).
  6395 | D:8      | Reached skill level 3 in Dodging
  6459 | D:8      | 6459 ||| Stepping ~*~*~tactically~*~*~ (stealth).
  6533 | D:8      | 6533 ||| Stepping ~*~*~tactically~*~*~ (stealth).
  6542 | D:8      | 6542 ||| Stepping ~*~*~tactically~*~*~ (stealth).
  6546 | D:8      | 6546 ||| Stepping ~*~*~tactically~*~*~ (stealth).
  6548 | D:8      | 6548 ||| Stepping ~*~*~tactically~*~*~ (stealth).
  6549 | D:8      | 6549 ||| Stepping ~*~*~tactically~*~*~ (stealth).
  6550 | D:8      | 6550 ||| Stepping ~*~*~tactically~*~*~ (stealth).
  6551 | D:8      | 6551 ||| Stepping ~*~*~tactically~*~*~ (stealth).
  6552 | D:8      | 6552 ||| Stepping ~*~*~tactically~*~*~ (stealth).
  6554 | D:8      | 6554 ||| Stepping ~*~*~tactically~*~*~ (stealth).
  6556 | D:8      | 6556 ||| Stepping ~*~*~tactically~*~*~ (stealth).
  6557 | D:8      | 6557 ||| Stepping ~*~*~tactically~*~*~ (stealth).
  6560 | D:8      | 6560 ||| Stepping ~*~*~tactically~*~*~ (stealth).
  6561 | D:8      | 6561 ||| Stepping ~*~*~tactically~*~*~ (stealth).
  6597 | D:8      | 6597 ||| Stepping ~*~*~tactically~*~*~ (hiding).
  6599 | D:8      | 6599 ||| Stepping ~*~*~tactically~*~*~ (hiding).
  6652 | D:8      | 6652 ||| Stepping ~*~*~tactically~*~*~ (stealth).
  6654 | D:8      | 6654 ||| Stepping ~*~*~tactically~*~*~ (stealth).
  6669 | D:8      | 6669 ||| DROPPING +2 robe.
  6670 | D:8      | 6670 ||| DRINKING 2 red potions.
  6771 | D:8      | 6771 ||| DROPPING potion of ambrosia.
  6821 | D:8      | 6821 ||| Stepping ~*~*~tactically~*~*~ (stealth).
  6823 | D:8      | 6823 ||| Stepping ~*~*~tactically~*~*~ (stealth).
  6829 | D:8      | 6829 ||| Stepping ~*~*~tactically~*~*~ (stealth).
  6863 | D:9      | Noticed Erolcha
  6864 | D:9      | 6864 ||| INVOKING Fiery Armour.
  6869 | D:9      | 6869 ||| DRINKING 8 potions of curing.
  6869 | D:9      | 6869 ||| (to cure confusion)
  6870 | D:9      | 6870 ||| Stepping ~*~*~tactically~*~*~ (outnumbered).
  6874 | D:9      | 6874 ||| DRINKING 7 potions of curing.
  6874 | D:9      | 6874 ||| (to cure confusion)
  6879 | D:9      | HP: 24/96 [gnoll/+0 spear[a gnoll sergeant] (3)]
  6880 | D:9      | 6880 ||| DRINKING 7 potions of heal wounds.
  6881 | D:9      | Killed Erolcha
  6882 | D:9      | Reached skill level 3 in Throwing
  6970 | D:9      | 6970 ||| READING scroll of enchant armour.
  6970 | D:9      | 6970 ||| ENCHANTING +0 steam dragon scales.
  6989 | D:9      | 6989 ||| Stepping ~*~*~tactically~*~*~ (outnumbered).
  7010 | D:9      | Found a radiant altar of Vehumet.
  7061 | D:9      | 7061 ||| FLEEEEING.
  7062 | D:9      | 7062 ||| FLEEEEING.
  7074 | D:9      | Reached skill level 14 in Unarmed Combat
  7126 | D:9      | Found a staircase to the Orcish Mines.
  7143 | D:9      | 7143 ||| INVOKING Fiery Armour.
  7250 | D:9      | 7250 ||| Stepping ~*~*~tactically~*~*~ (stealth).
  7340 | D:9      | 7340 ||| Stepping ~*~*~tactically~*~*~ (stealth).
  7342 | D:9      | 7342 ||| Stepping ~*~*~tactically~*~*~ (stealth).
  7348 | D:9      | Reached skill level 6 in Fighting
  7348 | D:9      | 7348 ||| FLEEEEING.
  7349 | D:9      | 7349 ||| Stepping ~*~*~tactically~*~*~ (stealth).
  7355 | D:9      | 7355 ||| Stepping ~*~*~tactically~*~*~ (stealth).
  7358 | D:9      | 7358 ||| FLEEEEING.
  7359 | D:9      | 7359 ||| FLEEEEING.
  7360 | D:9      | 7360 ||| FLEEEEING.
  7361 | D:9      | 7361 ||| FLEEEEING.
  7362 | D:9      | 7362 ||| FLEEEEING.
  7363 | D:9      | 7363 ||| FLEEEEING.
  7364 | D:9      | 7364 ||| FLEEEEING.
  7365 | D:9      | 7365 ||| FLEEEEING.
  7366 | D:9      | 7366 ||| STAIRDANCE
  7385 | D:8      | 7385 ||| UPGRADING to +4 ring of protection.
  7387 | D:8      | 7387 ||| DROPPING ring of willpower.
  7388 | D:8      | 7388 ||| DROPPING ring of magical power.
  7391 | D:9      | 7391 ||| Stepping ~*~*~tactically~*~*~ (outnumbered).
  7402 | D:9      | 7402 ||| INVOKING Fiery Armour.
  7487 | D:9      | 7487 ||| Stepping ~*~*~tactically~*~*~ (stealth).
  7493 | D:9      | 7493 ||| Stepping ~*~*~tactically~*~*~ (stealth).
  7495 | D:9      | 7495 ||| Stepping ~*~*~tactically~*~*~ (stealth).
  7512 | D:9      | Reached XP level 11. HP: 105/105 MP: 11/11
  7518 | D:9      | 7518 ||| Stepping ~*~*~tactically~*~*~ (stealth).
  7538 | D:9      | Found a basalt altar of Yredelemnul.
  7579 | D:9      | Found Lahu's Armour Shop.
  7795 | D:10     | Entered Level 10 of the Dungeon
  7820 | D:10     | Found an iron altar of Okawaru.
  7908 | D:10     | Found Xyruef's Jewellery Shoppe.
  7917 | D:10     | 7917 ||| BUYING +6 ring of strength (468 gold).
  7917 | D:10     | Bought a +6 ring of strength for 468 gold pieces
  7917 | D:10     | 7917 ||| SHOPLISTING amulet "Ryahodu" {Acrobat Dex+5} (617
                  | gold, have 134).
  7917 | D:10     | 7917 ||| SHOPLISTING amulet of the acrobat (390 gold, have
                  | 134).
  7962 | D:10     | 7962 ||| Stepping ~*~*~tactically~*~*~ (stealth).
  7963 | D:10     | 7963 ||| Stepping ~*~*~tactically~*~*~ (stealth).
  7969 | D:10     | 7969 ||| Stepping ~*~*~tactically~*~*~ (stealth).
  7970 | D:10     | 7970 ||| INVOKING Fiery Armour.
  7977 | D:10     | 7977 ||| Stepping ~*~*~tactically~*~*~ (outnumbered).
  7978 | D:10     | 7978 ||| Stepping ~*~*~tactically~*~*~ (outnumbered).
  7980 | D:10     | 7980 ||| Stepping ~*~*~tactically~*~*~ (outnumbered).
  7982 | D:10     | 7982 ||| Stepping ~*~*~tactically~*~*~ (outnumbered).
  7983 | D:10     | 7983 ||| Stepping ~*~*~tactically~*~*~ (hiding).
  7984 | D:10     | 7984 ||| Stepping ~*~*~tactically~*~*~ (hiding).
  7986 | D:10     | 7986 ||| Stepping ~*~*~tactically~*~*~ (outnumbered).
  7995 | D:10     | Reached skill level 15 in Unarmed Combat
  7996 | D:10     | 7996 ||| Stepping ~*~*~tactically~*~*~ (outnumbered).
  8138 | D:10     | 8138 ||| Stepping ~*~*~tactically~*~*~ (hiding).
  8149 | D:10     | 8149 ||| Stepping ~*~*~tactically~*~*~ (hiding).
  8158 | D:10     | 8158 ||| INVOKING Fiery Armour.
  8194 | D:10     | 8194 ||| FLEEEEING.
  8195 | D:10     | 8195 ||| FLEEEEING.
  8196 | D:10     | 8196 ||| STAIRDANCE
  8229 | D:9      | 8229 ||| DROPPING +6 ring of dexterity.
  8230 | D:9      | 8230 ||| READING scroll labelled NITAIPUARR.
  8235 | D:9      | 8235 ||| DRINKING 2 puce potions.
  8236 | D:9      | 8236 ||| READING 2 scrolls of identify.
  8236 | D:9      | 8236 ||| IDENTIFYING glowing inky potion
  8237 | D:9      | 8237 ||| DROPPING potion of flight.
  8238 | D:9      | 8238 ||| DROPPING potion of brilliance.
  8267 | D:10     | 8267 ||| Stepping ~*~*~tactically~*~*~ (stealth).
  8268 | D:10     | 8268 ||| Stepping ~*~*~tactically~*~*~ (hiding).
  8274 | D:10     | 8274 ||| Stepping ~*~*~tactically~*~*~ (outnumbered).
  8275 | D:10     | 8275 ||| Stepping ~*~*~tactically~*~*~ (outnumbered).
  8276 | D:10     | 8276 ||| Stepping ~*~*~tactically~*~*~ (outnumbered).
  8277 | D:10     | 8277 ||| Stepping ~*~*~tactically~*~*~ (outnumbered).
  8278 | D:10     | 8278 ||| Stepping ~*~*~tactically~*~*~ (outnumbered).
  8279 | D:10     | 8279 ||| INVOKING Fiery Armour.
  8280 | D:10     | 8280 ||| Stepping ~*~*~tactically~*~*~ (outnumbered).
  8281 | D:10     | 8281 ||| Stepping ~*~*~tactically~*~*~ (outnumbered).
  8282 | D:10     | 8282 ||| Stepping ~*~*~tactically~*~*~ (outnumbered).
  8283 | D:10     | 8283 ||| STAIRDANCE
  8332 | D:10     | 8332 ||| STAIRDANCE
  8359 | D:10     | 8359 ||| STAIRDANCE
  8744 | D:10     | 8744 ||| READING 2 scrolls of identify.
  8744 | D:10     | 8744 ||| IDENTIFYING bubbling amethyst potion
  8745 | D:10     | 8745 ||| DROPPING potion of magic.
  8773 | D:11     | Noticed a two-headed ogre
  8773 | D:11     | You fall into a shaft and drop 2 floors!
  8782 | D:13     | Noticed an orc knight
  8789 | D:13     | 8789 ||| INVOKING Fiery Armour.
  8790 | D:13     | HP: 26/105 [yaktaur/bolt (14)]
  8791 | D:13     | 8791 ||| DRINKING 8 potions of heal wounds.
  8792 | D:13     | 8792 ||| DRINKING 7 potions of heal wounds.
  8794 | D:13     | HP: 11/105 [yaktaur/bolt (28)]
  8795 | D:13     | 8795 ||| DRINKING 6 potions of heal wounds.
  8796 | D:13     | 8796 ||| DRINKING 5 potions of heal wounds.
  8798 | D:13     | 8798 ||| DRINKING 4 potions of heal wounds.
  8799 | D:13     | HP: 19/105 [orc knight/bolt (13)]
  8800 | D:13     | 8800 ||| DRINKING 3 potions of heal wounds.
  8803 | D:13     | 8803 ||| DRINKING 2 potions of heal wounds.
  8804 | D:13     | HP: 14/105 [orc knight/bolt (18)]
  8804 | D:13     | HP: 3/105 [yaktaur/bolt (11)]
  8805 | D:13     | 8805 ||| DRINKING potion of heal wounds.
  8806 | D:13     | HP: 1/105 [yaktaur/bolt (16)]
  8808 | D:13     | Shot with a bolt by an orc knight

Levels and vault maps discovered:
D:1:      nicolae_arrival_somewhat_less_tricky_arrival, layout_rooms,
          shapermc_ecumenical_altar_mp_highgroup,
          corexii_item_surrounded_by_moat
D:2:      layout_loops_ring, serial_shops, shop
D:3:      layout_basic, worldfamousw_hep_ancestral_shrine,
          hangedman_decor_points, uniq_natasha
D:4:      layout_loops_ring
D:5:      layout_cave_pools, serial_glass, glass_columns_c, glass_columns_a,
          item_on_display_a
D:6:      layout_cave_pools, led_xom_imps, minmay_temple_entry_overgrown,
          ebering_ghost_rock_garden, uniq_sigmund
D:7:      layout_gridville, serial_shops, kennysheep_mini_moat
D:8:      layout_basic, tso_metal_star, special_room [special_room_orc],
          serial_shops, nicolae_stop_n_shop_2, enter_bailey_6
D:9:      layout_roguey, vehumet_crystals, nicolae_yredelemnul_corpse_copse,
          serial_shops, nicolae_lakefront_shop, uniq_erolcha
D:10:     wad_woods_tower, layout_irregular_city, general_overflow_altar,
          serial_shops, shop
D:11:     layout_cave_pools, dpeg_lair_monsters, small_statue_alley_a
D:13:     layout_big_octagon, grunt_vaults_entry_fortified,
          nicolae_ashenzari_panopticon

Skill      XL: |  1  2  3  4  5  6  7  8  9 10 11 |
---------------+----------------------------------+-----
Unarmed Combat | 4 5 7 8 9 11 13 14 15 | 15.8
Fighting       | 3 4 5 6 |  6.0
Dodging        | 1 2 3 |  3.1
Armour         | 1 2 |  2.2
Throwing       | 3 |  3.2
Spellcasting   | |  1.0
Fire Magic     | |  2.1

Action                   |  1- 3 |  4- 6 |  7- 9 | 10-12 || total
-------------------------+-------+-------+-------+-------++-------
Melee: Unarmed           |   116 |   125 |   217 |   246 ||   704
       Punch             |       |     3 |     8 |    24 ||    35
Throw: Boomerang         |       |       |       |    21 ||    21
Invok: Fiery Armour      |       |     3 |     3 |     7 ||    13
  Use: Scroll            |     2 |     6 |     8 |     4 ||    20
       Potion            |     1 |     2 |     1 |    13 ||    17
Armor: Robe              |    33 |    35 |    21 |       ||    89
       Steam dragon scal |       |       |    21 |   111 ||   132
Dodge: Dodged            |    41 |    43 |    91 |   112 ||   287

Table legend:
 A = Non-vault XP
 B = Vault XP
 C = Vault XP percentage of total XP
 D = Non-vault monster count
 E = Vault monster count
 F = Vault count percentage of total count
                 A         B        C        D         E       F
            +---------+---------+-------+---------+---------+-------
      Total |   10649 |    5341 |  33.4 |     198 |      45 |  18.5
            +---------+---------+-------+---------+---------+-------
        D:1 |      51 |       0 |   0.0 |      31 |       0 |   0.0
        D:2 |      53 |       0 |   0.0 |      17 |       0 |   0.0
        D:3 |     143 |      36 |  20.1 |      17 |       1 |   5.6
        D:4 |     259 |       0 |   0.0 |      12 |       0 |   0.0
        D:5 |     899 |       0 |   0.0 |      17 |       0 |   0.0
        D:6 |     228 |     424 |  65.0 |       5 |       5 |  50.0
        D:7 |     992 |       0 |   0.0 |      12 |       0 |   0.0
        D:8 |    2303 |     604 |  20.8 |      24 |      23 |  48.9
        D:9 |    4629 |    1842 |  28.5 |      40 |      10 |  20.0
       D:10 |    1092 |    2435 |  69.0 |      23 |       6 |  20.7
            +---------+---------+-------+---------+---------+-------
